 Dungeon Crawl Stone Soup version 0.22.0 (webtiles) character file.

15149 Gorglomux the Protected (level 11, -2/104 HPs)
             Began as a Minotaur Fighter on Aug 10, 2018.
             Was a High Priest of Okawaru.
             Slain by a yak (9 damage)
             ... on level 1 of the Lair of Beasts.
             The game lasted 00:07:41 (10205 turns).

Gorglomux the Protected (Minotaur Fighter)         Turns: 10205, Time: 00:07:41

Health: -2/104     AC: 22    Str: 25    XL:     11   Next: 98%
Magic:  11/12      EV: 11    Int:  3    God:    Okawaru [*****.]
Gold:   551        SH: 16    Dex: 13    Spells: 10/10 levels left

rFire    + . .     SeeInvis .   a - +0 war axe
rCold    + + .     Gourm    .   W - +1 shield
rNeg     . . .     Faith    .   M - +1 chain mail of the Farrier {rF+ Regen+ rCorr Dex+4}
rPois    .         Spirit   .   (helmet restricted)
rElec    .         Reflect  .   O - +2 cloak
rCorr    +         Harm     .   G - +0 pair of gloves
MR       .....                  (no boots)
Stlth    +.........             j - amulet of magic regeneration
HPRegen  0.67/turn              x - ring of stealth
MPRegen  0.38/turn              c - ring of protection from cold

@: heroism
A: retaliatory headbutt, horns 2, yellow scales 1, blurry vision 1, cold
resistance 1, dopey 1
a: Heroism, Finesse, Renounce Religion


You were on level 1 of the Lair of Beasts.
You worshipped Okawaru.
Okawaru was extremely pleased with you.
You were not hungry.

You visited 2 branches of the dungeon, and saw 13 of its levels.

You collected 551 gold pieces.

Inventory:

Hand Weapons
 a - a +0 war axe (weapon)
 b - the +7 mace of Indomitability {protect, rC+ Int+3 Dex+5}
   (You found it on level 10 of the Dungeon)

   It protects the one who uses it against injury (+AC on strike).
   It affects your intelligence (+3).
   It affects your dexterity (+5).
   It protects you from cold.
Armour
 G - a +0 pair of gloves (worn)
 M - the +1 chain mail of the Farrier (worn) {rF+ Regen+ rCorr Dex+4}
   (You found it on level 11 of the Dungeon)

   It affects your dexterity (+4).
   It protects you from fire.
   It increases your rate of regeneration.
   It provides partial protection from all sources of acid and corrosion.
 O - a +2 cloak (worn)
 W - a +1 shield (worn)
 X - a scarf of spirit shield
Jewellery
 c - a ring of protection from cold (right hand)
 j - an amulet of magic regeneration (around neck)
 x - a ring of stealth (left hand)
Wands
 D - a wand of digging (15)
 I - a wand of iceblast (11)
 P - a wand of paralysis (11)
Scrolls
 i - 7 scrolls of remove curse
 p - a scroll of enchant armour
 q - 2 scrolls of immolation {unknown}
 r - a scroll of enchant weapon {unknown}
 H - a scroll of silence {unknown}
 J - a scroll of fog {unknown}
 K - a scroll of vulnerability {unknown}
 R - 2 scrolls of identify
 S - 2 scrolls of amnesia {unknown}
 T - 3 scrolls of teleportation
 V - 2 scrolls of blinking {unknown}
 Y - a scroll of magic mapping {unknown}
Potions
 d - 2 potions of might
 k - a potion of cancellation
 v - a potion of agility
 L - a potion of degeneration {unknown}
 N - 3 potions of lignification {unknown}
 Q - 5 potions of curing
 U - 2 potions of haste
 Z - 2 potions of heal wounds
Comestibles
 f - 20 rations
 F - 13 chunks of flesh


   Skills:
 + Level 11.9(16.9) Fighting
 + Level 11.6(16.6) Axes
 + Level 11.9(16.9) Armour
 + Level 11.9(16.9) Shields
 - Level 3.1 Invocations


You had 10 spell levels left.
You didn't know any spells.
Your spell library contained the following spells:

 Spells                   Type           Power        Failure   Level  Hunger
 Fireball                 Conj/Fire      #.........   100%        5    ######.
 Conjure Flame            Conj/Fire      #.......     100%        3    ####...
 Lightning Bolt           Conj/Air       #.........   100%        5    ######.
 Throw Flame              Conj/Fire      #.....       98%         2    ###....
 Freezing Cloud           Conj/Ice/Air   #.........   100%        6    #######
 Mephitic Cloud           Conj/Pois/Air  #.......     100%        3    ####...
 Ring of Flames           Chrm/Fire      #.........   100%        7    #######
 Venom Bolt               Conj/Pois      #.........   100%        5    ######.
 Olgreb's Toxic Radiance  Pois           #.......     100%        4    #####..
 Sticky Flame             Conj/Fire      #.......     100%        4    #####..
 Sting                    Conj/Pois      #...         92%         1    ##.....
 Shock                    Conj/Air       #...         92%         1    ##.....
 Swiftness                Chrm/Air       #.......     98%         2    ###....
 Airstrike                Air            #.........   100%        4    #####..
 Flame Tongue             Conj/Fire      #....        92%         1    ##.....
 Static Discharge         Conj/Air       #.......     100%        3    ####...
 Inner Flame              Hex/Fire       #.......     100%        3    ####...
 Beastly Appendage        Tmut           #.....       92%         1    ##.....
 Poisonous Vapours        Pois/Air       #.....       98%         2    ###....


Dungeon Overview and Level Annotations

Branches:
Dungeon (12/15)            Temple (0/1) D:7            Lair (1/6) D:10
    Orc: D:9-12

Altars:
Fedhas
Kikubaaqudgha
Okawaru
Qazlal
Ru
Sif Muna
Trog
Vehumet
Wu Jian
Yredelemnul
The Shining One

Shops:
D:9 *

Portals:
Trove: D:10 (give +6 demon whip)


Innate Abilities, Weirdness & Mutations

You reflexively headbutt those who attack you in melee.
You have a pair of horns on your head.
You are partially covered in yellow scales. (AC +2)
Scrolls take you a little longer to read.
Your flesh is cold resistant. (rC+)
You are dopey. (Int -2)


Message History

You open the crocodile but do butt damage!
The crocodile is moderately wounded!
Your chain mail of the Farrier prevents you from hitting the crocodile!
You cut the spiny frog into ribbons!!!
You annihilate the spiny frog!!!
Okawaru roars: ANNIHILATED!
The crocodile butt-ly misses you! You block the crocodile's attack!
You are too injured to fight recklessly!!!
Unknown command!
You slice the crocodile like a ripe choko!
Butt headbutt the crocodile!!!
The crocodile is almost dead!
You butt the crocodile but do no damage!
You shave the butt!
You block the crocodile's attack!
The crocodile bites you! * * * don't die
* * * Unknown command!
You barely miss the crocodile!
The crocodile is almost dead!
You closely miss the crocodile!
You shave the yak!
The yak gores you!!! rip

. P# ## .#
.####.######
..#
..........#...#
#......†.....#
#.....††#
.##....ttY#
........@.#
##.......#
###.....#
##....# #≈...##
##≈..## #≈≈..#
##≈..## ##≈≈..#


You could see a yak and 2 crocodiles.

Vanquished Creatures
  Fannar (D:10)
  A hydra (D:11)
  A two-headed ogre (D:11)
  An orb spider (shapeshifter) (D:10)
  A gargoyle (D:10)
  A kobold demonologist (D:9)
  2 spiny frogs (Lair:1)
  2 trolls
  A polar bear (Lair:1)
  2 hippogriffs
  A hornet (D:8)
  A vampire (D:9)
  2 wraiths (D:11)
  10 yaks
  A wyvern (D:8)
  Grum (D:9)
  A hungry ghost (D:11)
  A steam dragon (D:11)
  A soldier ant (D:8)
  5 water moccasins
  4 orc warriors
  5 porcupines
  5 sky beasts
  4 black bears
  3 ice beasts
  A phantom (D:11)
  3 ogres
  2 necrophages
  13 centaurs
  5 wolves
  11 big kobolds
  4 bullfrogs
  3 scorpions
  10 wights
  2 howler monkeys
  4 crimson imps
  A bullfrog zombie (D:6)
  3 quasits
  5 hounds
  4 orc priests
  2 bullfrog skeletons
  4 jellies
  7 orc wizards
  3 centaur skeletons
  2 iguanas
  11 worker ants
  A killer bee zombie (D:6)
  A hound zombie (D:8)
  3 worker ant zombies
  11 gnolls
  7 adders
  2 shadow imps
  2 oozes
  An adder skeleton (D:8)
  A worm (D:8)
  A dart slug (D:4)
  A leopard gecko (D:3)
  22 orcs
  4 bats
  7 giant cockroaches
  3 hobgoblins
  5 jackals (D:4)
  2 quokkas
  A ball python (D:1)
  3 frilled lizards
  2 goblins (D:1)
  A jackal skeleton (D:4)
  13 kobolds
  A leopard gecko skeleton (D:6)
  A leopard gecko zombie (D:7)
  A quokka zombie (D:8)
  2 rats (D:1)
  A spectral orc (D:6)
258 creatures vanquished.

Vanquished Creatures (others)
  An ogre (D:10)
  A bush (Lair:1)
2 creatures vanquished.

Grand Total: 260 creatures vanquished

Notes
Turn   | Place    | Note
-------+----------+-------------------------------------------
     0 | D:1      | Gorglomux the Minotaur Fighter began the quest for the Orb.
     0 | D:1      | Reached XP level 1. HP: 19/19 MP: 0/0
   121 | D:1      | Reached XP level 2. HP: 27/27 MP: 1/1
   393 | D:2      | Reached skill level 3 in Axes
   393 | D:2      | Reached XP level 3. HP: 22/33 MP: 2/2
   581 | D:2      | Found an ancient bone altar of Kikubaaqudgha.
   588 | D:2      | Found a deep blue altar of Sif Muna.
   590 | D:2      | Found a radiant altar of Vehumet.
   594 | D:2      | Identified Sif Muna's Collected Works on Changing
   626 | D:2      | Found a sacrificial altar of Ru.
   932 | D:3      | Reached XP level 4. HP: 41/41 MP: 3/3
  1018 | D:3      | Found an iron altar of Okawaru.
  1158 | D:3      | Became a worshipper of Warmaster Okawaru
  1381 | D:4      | Found a blossoming altar of Fedhas.
  1440 | D:4      | Reached XP level 5. HP: 16/47 MP: 4/4
  1445 | D:4      | Gained mutation: You are dopey. (Int -2) [potion of mutation]
  1445 | D:4      | Gained mutation: Scrolls take you a little longer to read. [potion of mutation]
  1445 | D:4      | Gained mutation: Your flesh is cold resistant. (rC+) [potion of mutation]
  1445 | D:4      | Gained mutation: You are partially covered in yellow scales. (AC +2) [potion of mutation]
  1445 | D:4      | HP: 2/47 [orc wizard/magic dart (7)]
  1621 | D:4      | Reached XP level 6. HP: 17/56 MP: 5/5
  1920 | D:4      | Noticed an orc warrior
  1942 | D:4      | Killed an orc warrior
  1942 | D:4      | Reached skill level 1 in Invocations
  2141 | D:4      | Reached * piety under Okawaru
  2609 | D:5      | Entered Level 5 of the Dungeon
  2834 | D:5      | Reached XP level 7. HP: 54/61 MP: 7/7
  3389 | D:5      | Found an ornate altar of the Wu Jian Council.
  3389 | D:5      | Found a bloodstained altar of Trog.
  3401 | D:5      | Reached skill level 6 in Armour
  3401 | D:5      | Reached skill level 6 in Shields
  3572 | D:5      | Reached skill level 6 in Fighting
  3669 | D:5      | Reached ** piety under Okawaru
  3832 | D:6      | Reached XP level 8. HP: 70/70 MP: 9/9
  3862 | D:6      | Reached skill level 3 in Invocations
  4038 | D:6      | Reached skill level 6 in Axes
  4232 | D:6      | Found a stormy altar of Qazlal.
  4398 | D:6      | Reached *** piety under Okawaru
  5060 | D:6      | Found a basalt altar of Yredelemnul.
  5486 | D:7      | Reached XP level 9. HP: 69/79 MP: 10/10
  5560 | D:7      | Found a staircase to the Ecumenical Temple.
  5665 | D:7      | Found a glowing golden altar of the Shining One.
  6340 | D:8      | Reached **** piety under Okawaru
  6576 | D:8      | Received a gift from Okawaru
  6576 | D:8      | Reached skill level 9 in Fighting
  6576 | D:8      | Reached skill level 9 in Armour
  6585 | D:8      | Reached skill level 9 in Shields
  6695 | D:9      | Noticed a kobold demonologist
  6700 | D:9      | Killed a kobold demonologist
  6700 | D:9      | Reached XP level 10. HP: 87/90 MP: 9/11
  6700 | D:9      | Noticed a two-headed ogre
  6716 | D:9      | Reached skill level 9 in Axes
  7023 | D:9      | Found Odeaniu's Island Escapes.
  7492 | D:9      | Noticed Grum
  7522 | D:9      | Killed Grum
  7647 | D:10     | Entered Level 10 of the Dungeon
  7647 | D:10     | Found a radiant altar of Vehumet.
  7706 | D:10     | Noticed Fannar
  7733 | D:10     | Killed Fannar
  7733 | D:10     | Reached ***** piety under Okawaru
  7777 | D:10     | Noticed an orb spider
  7793 | D:10     | Killed an orb spider
  7793 | D:10     | Received a gift from Okawaru
  7925 | D:10     | Found a staircase to the Lair.
  7934 | D:10     | Got an encrusted mace
  7935 | D:10     | Identified the +7 mace of Indomitability {protect, rC+ Int+3 Dex+5} (You found it on level 10 of the Dungeon)
  8232 | D:10     | Reached XP level 11. HP: 97/100 MP: 12/12
  8250 | D:10     | Found a portal to a secret trove of treasure.
  9016 | D:11     | Noticed an eight-headed hydra
  9026 | D:11     | Killed an eight-headed hydra
  9056 | D:11     | Received a gift from Okawaru
  9660 | D:11     | Noticed a two-headed ogre
  9666 | D:11     | Killed a two-headed ogre
  9715 | D:11     | Got a polished chain mail
  9726 | D:11     | Identified the +1 chain mail of the Farrier {rF+ Regen+ rCorr Dex+4} (You found it on level 11 of the Dungeon)
 10128 | Lair:1   | Entered Level 1 of the Lair of Beasts
 10205 | Lair:1   | Slain by a yak

Skill      XL: |  1  2  3  4  5  6  7  8  9 10 11 |
---------------+----------------------------------+-----
Fighting       | 4 5 6 7 9 10 11 | 11.9
Armour         | 4 5 6 7 9 10 11 | 11.9
Shields        | 4 5 6 7 9 10 11 | 11.9
Axes           | 3 4 5 7 8 10 11 | 11.6
Invocations    | 1 2 3 |  3.1

Action                   |  1- 3 |  4- 6 |  7- 9 | 10-12 || total
-------------------------+-------+-------+-------+-------++-------
Melee: War axe           |    57 |    88 |   284 |   443 ||   872
       Headbutt          |    11 |    15 |    53 |    93 ||   172
       Mace              |       |       |       |     8 ||     8
Invok: Heroism           |       |       |     7 |    15 ||    22
  Use: Potion            |       |     5 |       |     2 ||     7
       Scroll            |       |       |     6 |       ||     6
  Eat: Chunk             |       |     6 |     9 |    13 ||    28
       Ration            |       |       |     1 |       ||     1
Armor: Scale mail        |    27 |    56 |   121 |    97 ||   301
       Chain mail        |       |       |       |   131 ||   131
Dodge: Dodged            |    21 |    39 |    84 |   124 ||   268
Block: Shield            |    32 |    77 |   197 |   337 ||   643
